 Dungeon Crawl Stone Soup version 0.19.0-2-gae57169 (webtiles) character file.

1745 Chiseanne the Ducker (level 8, -2/57 HPs)
             Began as a High Elf Artificer on Nov 6, 2016.
             Killed by divine providence
             ... invoked by an orc priest
              (15 damage)
             ... on level 6 of the Dungeon.
             The game lasted 00:21:56 (8467 turns).

Chiseanne the Ducker (High Elf Artificer)           Turns: 8467, Time: 00:21:56

Health: -2/57      AC: 11    Str: 11    XL:     8   Next: 77%
Magic:  16/16      EV: 14    Int: 17    God:
Gold:   13         SH:  2    Dex: 16    Spells: 1 memorised, 16 levels left

rFire  . . .     SeeInvis +     a - +2 hand axe (elec)
rCold  . . .     Gourm    .     r - +1 ring mail
rNeg   . . .     Faith    .     (no shield)
rPois  .         Spirit   .     V - +1 helmet
rElec  .         Reflect  +     (no cloak)
rCorr  .         Harm     .     h - +0 pair of gloves
MR     +....                    j - +0 pair of boots
Stlth  +.........               A - +2 amulet of reflection
                                u - ring of protection from magic
                                F - ring of see invisible

@: very slightly contaminated, hasted, very quick
A: no striking features
a: no special abilities


You were on level 6 of the Dungeon.
You were not hungry.

You visited 2 branches of the dungeon, and saw 7 of its levels.
You also visited: Sewer.

You collected 454 gold pieces.
You spent 441 gold pieces at shops.

Inventory:

Hand Weapons
 a - a +2 hand axe of electrocution (weapon)
 s - a +2 spear of piercing
 w - a +0 blowgun
 G - a +0 flail of protection
Missiles
 b - 12 tomahawks
 g - 34 sling bullets
 l - 28 poisoned needles
 o - 14 arrows
 q - 79 stones (quivered)
 N - 4 curare-tipped needles
 S - 23 bolts
Armour
 h - a +0 pair of gloves (worn)
 j - a +0 pair of boots (worn)
 r - a +1 ring mail (worn)
 V - a +1 helmet (worn)
Jewellery
 n - an uncursed ring of ice
 u - a ring of protection from magic (right hand)
 A - a +2 amulet of reflection (around neck)
 F - a ring of see invisible (left hand)
 I - an uncursed ring of wizardry
 O - an uncursed ring of fire
 T - a +3 ring of dexterity {unknown}
Wands
 c - a wand of flame (5/48)
 d - a wand of enslavement (6/24)
 B - a wand of confusion (23/48)
 Q - a wand of disintegration (16/24)
 U - a wand of iceblast (8/15)
Scrolls
 i - a scroll of fog
 k - 3 scrolls of remove curse
 p - 3 scrolls of teleportation
 D - 2 scrolls of enchant armour
 H - a scroll of recharging
 P - a scroll of identify
 R - a scroll of amnesia
Potions
 m - 4 potions of curing
 t - a potion of brilliance {unknown}
 z - a potion of flight
 C - a potion of haste
 K - 2 potions of resistance {unknown}
 L - a potion of berserk rage {unknown}
Books
 v - a book of Fire

   Spells                             Type                      Level
   a - Ignite Poison                  Fire/Transmutation/Poison    3
   b - Fireball                       Conjuration/Fire             5
   c - Bolt of Fire                   Conjuration/Fire             6
   d - Delayed Fireball               Conjuration/Fire             7
   e - Ring of Flames                 Charms/Fire                  7
Miscellaneous
 y - a fan of gales
Comestibles
 f - 6 bread rations
 x - a slice of pizza
 E - 2 beef jerkies
 M - a meat ration
 W - a chunk of flesh


   Skills:
 * Level 5.9 Fighting
   Level 1.2 Short Blades
 * Level 4.4 Armour
 * Level 6.7 Dodging
 - Level 1.1 Stealth
 * Level 5.2 Spellcasting
 - Level 4.0 Evocations


You had 16 spell levels left.
You knew the following spells:

 Your Spells              Type           Power        Failure   Level  Hunger
a - Apportation           Tloc           #.........   34%         1    None


Dungeon Overview and Level Annotations

Branches:
Dungeon (6/15)             Temple (1/1) D:5

Altars:
Ashenzari
Cheibriados
Dithmenos
Elyvilon
Gozag
Nemelex Xobeh
Okawaru
Ru
Sif Muna
Xom
Zin

Shops:
D:5 *

Annotations:
D:4 Zebulonius's ghost, novice MiFi


Message History

You are very lightly contaminated with residual magic.
Evoke which item? (* to show all) (? for menu, Esc to quit)
Zapping:
d - a wand of enslavement (7/24)
Press: ? - help, Shift-Dir - straight line, f - orc, p - orc warrior
Aim: an orc, wielding a mace (chance to defeat MR: 71%)
The orc is charmed.
This wand has 6 charges left.
The centaur zombie hits you but does no damage.
What are your orders? t - Shout!
Orders for allies: a - Attack new target. p - Attack previous target. r - Retreat! s - Stop attacking. g - Guard the area. f - Follow me.
Anything else - Cancel.
Gang up on whom?
Press: ? - help, Dir - move target cursor, f - orc priest, p - orc
Aim: an orc priest, wielding a war axe Attack!
The orc priest mumbles some strange prayers to Beogh against you.
Beogh smites you!
You die...

.. ... ...... .
##########.##... ..
##......#........
...#.........#......
..........@.(#......
#.:....oZ.........
#.?...o.....#...# . #
#[.!.o........#####....
#...).).?...##......#.#
#...................#.#
#............#.####
#.### ................#
##...#
...............###
#.....


You could see an orc warrior, an orc priest, a centaur zombie and a friendly
orc.

Vanquished Creatures
  A hornet zombie (D:6)
  An orc warrior (D:4)
  A black bear (D:6)
  A phantom (D:4)
  4 ogres
  Terence (D:2)
  2 bullfrogs
  3 wights (D:6)
  A bullfrog zombie (D:5)
  A jelly (D:6)
  An orc priest (D:5)
  4 orc wizards
  A bullfrog skeleton (D:5)
  3 iguanas
  3 worker ants
  A hound skeleton (D:6)
  2 gnolls
  12 adders
  2 river rats (D:3)
  A shadow imp (D:6)
  An ooze (D:2)
  2 worms
  7 dart slugs
  5 leopard geckos
  15 orcs
  15 giant cockroaches
  7 goblins
  6 hobgoblins
  7 jackals
  3 quokkas
  2 ball pythons
  13 bats
  9 frilled lizards
  A jackal skeleton (D:4)
  8 kobolds
  A quokka skeleton (D:4)
  12 rats
160 creatures vanquished.

Vanquished Creatures (collateral kills)
  Jessica (D:2)
  2 gnolls (D:4)
  An orc (D:4)
  A jackal (D:1)
5 creatures vanquished.

Vanquished Creatures (others)
  A sky beast (D:6)
  A worker ant (D:4)
  2 orcs (D:4)
4 creatures vanquished.

Grand Total: 169 creatures vanquished

Notes
Turn   | Place    | Note
-------+----------+-------------------------------------------
     0 | D:1      | Chiseanne the High Elf Artificer began the quest for the Orb.
     0 | D:1      | Reached XP level 1. HP: 13/13 MP: 4/4
   117 | D:1      | Reached XP level 2. HP: 12/18 MP: 5/5
  1172 | D:1      | Reached XP level 3. HP: 2/24 MP: 6/6
  1641 | D:2      | Found a glowing silver altar of Zin.
  2476 | D:2      | Reached XP level 4. HP: 30/30 MP: 7/7
  2508 | D:2      | Reached skill level 1 in Armour
  2547 | D:2      | Reached skill level 3 in Dodging
  3062 | D:2      | Noticed Terence
  3063 | D:2      | Noticed Jessica
  3076 | D:2      | Killed Jessica
  3123 | D:2      | Killed Terence
  3123 | D:2      | Reached XP level 5. HP: 21/36 MP: 8/8
  3710 | D:3      | Found a glowing drain.
  3718 | Sewer    | Entered a sewer
  4060 | Sewer    | Reached skill level 1 in Spellcasting
  4733 | D:3      | Reached skill level 4 in Dodging
  4733 | D:3      | Reached XP level 6. HP: 35/42 MP: 10/10
  4909 | D:3      | Found a deep blue altar of Sif Muna.
  5874 | D:4      | Noticed an orc warrior
  6010 | D:4      | Reached XP level 7. HP: 28/48 MP: 10/12
  6141 | D:4      | Noticed Zebulonius's ghost (novice MiFi)
  6222 | D:5      | Entered Level 5 of the Dungeon
  6481 | D:4      | Reached skill level 5 in Dodging
  6700 | D:4      | Learned a level 1 spell: Apportation
  7230 | D:5      | Found a staircase to the Ecumenical Temple.
  7239 | Temple   | Entered the Ecumenical Temple
  7564 | D:5      | Found Memylil's General Store.
  7598 | D:5      | Bought a potion of curing for 39 gold pieces
  7598 | D:5      | Bought a potion of curing for 39 gold pieces
  7598 | D:5      | Bought a potion of haste for 130 gold pieces
  7598 | D:5      | Bought a beef jerky for 19 gold pieces
  7598 | D:5      | Bought a meat ration for 65 gold pieces
  7640 | D:5      | Reached XP level 8. HP: 54/54 MP: 14/14
  8016 | D:5      | Reached skill level 5 in Fighting
  8106 | D:6      | Reached skill level 6 in Dodging
  8192 | D:5      | Bought a +1 helmet for 149 gold pieces
  8267 | D:6      | Reached skill level 5 in Spellcasting
  8467 | D:6      | Killed from afar by an orc priest

Skill      XL: |  1  2  3  4  5  6  7  8 |
---------------+-------------------------+-----
Fighting       | 2 3 4 5 |  5.9
Armour         | 1 2 3 4 |  4.4
Dodging        | 3 4 5 6 |  6.7
Evocations     | 4 |  4.0
Spellcasting   | 1 2 3 5 |  5.2
Short Blades   | |  1.2
Stealth        | |  1.1

Action                   |  1- 3 |  4- 6 |  7- 9 || total
-------------------------+-------+-------+-------++-------
Melee: Short sword       |   165 |    43 |       ||   208
       Spear             |       |   298 |    43 ||   341
       Hand axe          |       |       |   137 ||   137
Throw: Stone             |       |     2 |       ||     2
Evoke: Wand              |     4 |     9 |    30 ||    43
       Fan of gales      |       |       |     1 ||     1
  Use: Scroll            |     7 |     5 |     2 ||    14
       Potion            |       |     4 |     2 ||     6
 Stab: Sleeping          |     5 |     2 |       ||     7
       Paralysed         |       |       |     2 ||     2
  Eat: Chunk             |     5 |    11 |     7 ||    23
       Pizza             |       |       |     1 ||     1
Armor: Leather armour    |    18 |       |       ||    18
       Ring mail         |    63 |   133 |    84 ||   280
Dodge: Dodged            |   139 |   272 |   152 ||   563
Block: Other             |       |       |    14 ||    14
